 Dungeon Crawl Stone Soup version 0.27-a0-760-gc38aae387d (webtiles) character file.

Game seed: 7407366053236431287

554 tsouns the Sneak (level 7, -3/53 HPs)
             Began as a Djinni Delver on Mar 24, 2021.
             Slain by Eustachio
             ... wielding a +2 rapier of protection
              (7 damage)
             ... on level 5 of the Dungeon.
             The game lasted 00:11:00 (5440 turns).

tsouns the Sneak (Djinni Delver)                    Turns: 5440, Time: 00:11:01

Health: -3/53      AC:  6    Str: 11    XL:     7   Next: 30%
Gold:   11         EV: 14    Int: 13    God:
                   SH:  0    Dex: 21

rFire    + + +     SeeInvis .   a - +1 falchion
rCold    x . .     Faith    .   (no shield)
rNeg     . . .     Spirit   .   s - +1 robe {rF+}
rPois    ∞         Reflect  .   D - +0 helmet
rElec    .         Harm     .   (no cloak)
rCorr    .         Rampage  .   m - +1 pair of gloves
Will     .....                  (boots unavailable)
Stlth    +++.......             (no amulet)
HPRegen  0.17/turn              u - +6 ring of dexterity
MPRegen  0.00/turn              w - ring of wizardry

@: flying
A: fire resistance 2, cold vulnerability 1, float, innate caster, hp casting,
extra vitality 1
a: no special abilities


You were on level 5 of the Dungeon.
You visited 1 branch of the dungeon, and saw 5 of its levels.

You collected 127 gold pieces.
You spent 116 gold pieces at shops.

Inventory:

Hand Weapons
 a - a +1 falchion (weapon)
 o - a +1 arbalest of freezing
 v - a +1 dagger of venom
Missiles
 j - 6 atropa-tipped darts (quivered)
 A - a throwing net
Armour
 m - a +1 pair of gloves (worn)
 s - a +1 robe of fire resistance (worn)
 t - a +3 leather armour
 D - a +0 helmet (worn)
Jewellery
 q - a ring of see invisible
 u - a +6 ring of dexterity (right hand)
 w - a ring of wizardry (left hand)
Wands
 g - a wand of digging (3)
Scrolls
 c - 2 scrolls of fog
 d - a scroll of amnesia
 x - 2 scrolls of enchant weapon
 C - a scroll of magic mapping
Potions
 e - a potion of attraction
 f - a potion of haste
 h - a potion of might
 k - 2 potions of flight
 l - a potion of lignification
 z - a potion of ambrosia
 B - a potion of mutation {unknown}


   Skills:
 + Level 4.4 Fighting
 + Level 3.3 Long Blades
 - Level 0.4 Armour
 + Level 3.8 Dodging
 + Level 5.5 Stealth
 + Level 2.1 Spellcasting


You had 4 spell levels left.
You knew the following spells:

 Your Spells              Type           Power      Damage    Failure   Level
a - Foxfire               Conj/Fire      28%        2x1d5     4%          1
b - Poisonous Vapours     Pois/Air       14%        N/A       6%          2
c - Vampiric Draining     Necr           3%         2d6       12%         3
Your spell library was empty.

Dungeon Overview and Level Annotations

Branches:
Dungeon (5/15)
 Temple: D:4-7

Altars:
Hepliaklqana
Nemelex Xobeh
Sif Muna
Xom

Shops:
D:4 [   D:5 [=!

Annotations:
D:5 Eustachio


Innate Abilities, Weirdness & Mutations

You are immune to poison.
Your flesh is very heat resistant. (rF++)
You are vulnerable to cold. (rC-)
You float through the air rather than walking.
You learn spells naturally, not from books.
Your magical power is your life essence.
You have superior vitality. (+4 HP)


Message History

Eustachio misses you.
You riposte.
You hit Eustachio but do no damage.
Eustachio is severely wounded.
The iron imp hits you!
* * * LOW HITPOINT WARNING * * *
The river rat twitches its whiskers.
The river rat bites you but does no damage.
You feel much better.
Eustachio mumbles some strange words.
The river rat bites you but does no damage.
The iron imp hits you!
* * * LOW HITPOINT WARNING * * *
Unknown command.
Casting: Poisonous Vapours (safe; 6% risk of failure)
Confirm with . or Enter, or press ? or * to list all spells.
Aiming: Poisonous Vapours (safe; 6% risk of failure)
Press: ? - help, Dir - move target, f/p - Eustachio
Aim: Eustachio, wielding a +2 rapier of protection and wearing a +0 leather armour (severely wounded, poisoned)
Okay, then.
Okay, then.
Okay, then.
You closely miss Eustachio.
Eustachio is severely wounded.
Eustachio hits you with a +2 rapier of protection!
* * * LOW HITPOINT WARNING * * *
The river rat closely misses you. The iron imp barely misses you.
Eustachio barely misses you.
You riposte.
You hit Eustachio but do no damage.
Eustachio is severely wounded.
You closely miss Eustachio.
Eustachio is severely wounded.
The river rat bites you.
* * * LOW HITPOINT WARNING * * *
The iron imp sputters.
The iron imp closely misses you.
You riposte.
You hit the iron imp but do no damage. Eustachio hits you but does no damage.
You hit Eustachio.
Eustachio is severely wounded.
The crimson imp disappears in a puff of smoke!
The river rat barely misses you.
Eustachio hits you with a +2 rapier of protection!
You die...

*** *,* #...# **,,,*,*
*,********.∩.#######*,**,****
*,,,,,,,**,........#***,,,,,,
*******,,,,#...o.!..,,,,,,,,*
*,***#.#***,_,***,,**,* *,*
#.# *,,,* *,,**,* *,* #r#
*,,** *,,**,* *,* #r#
*,*****,,**,* #.* #@## *,*
*,,,,**,, #.####5@# *,*
*,*,***,, #.#..r5b###.#**,*,*
**, #.#.##.....#,,,,,,** **
#.#.###.###.#**,,,,**** #.#.#
#.#**,,,,,,,,,,,,
#...###...,,,**,,*,****
#.∩........,,,,,,*,*
#..########*****,*,***


You could see Eustachio (poisoned), an iron imp (summoned), a river rat
(summoned), an ufetubus (summoned), a bat (summoned) and 2 rats.

Vanquished Creatures
  2 phantoms
  2 scorpions (D:4)
  A howler monkey (D:4)
  An iguana (D:5)
  An orc wizard (D:3)
  A hound skeleton (D:4)
  3 gnolls (D:4)
  9 adders
  A white imp (D:5)
  3 dart slugs
  8 orcs
  5 ball pythons
  5 endoplasms
  3 goblins
  7 hobgoblins
  6 jackals (D:1)
  2 quokkas
  6 bats
  3 frilled lizards
  3 kobolds
  6 rats
78 creatures vanquished.

Vanquished Creatures (collateral kills)
  A jelly (D:4)
1 creature vanquished.

Vanquished Creatures (others)
  91 foxfires
91 creatures vanquished.

Grand Total: 170 creatures vanquished

Notes
Turn   | Place    | Note
-------+----------+-------------------------------------------
     0 | D:5      | tsouns the Djinni Delver began the quest for the Orb.
     0 | D:5      | Reached XP level 1. HP: 20/20 MP: 0/0
    48 | D:4      | Reached XP level 2. HP: 25/25 MP: 0/0
    96 | D:4      | HP: 1/25 [gnoll/+0 spear (7)]
    98 | D:4      | Reached XP level 3. HP: 1/30 MP: 0/0
    98 | D:4      | Learned a level 1 spell: Foxfire
   883 | D:1      | Reached XP level 4. HP: 33/35 MP: 0/0
  2437 | D:2      | Found a hazy altar of Hepliaklqana.
  2638 | D:3      | Reached skill level 5 in Stealth
  2638 | D:3      | Reached XP level 5. HP: 28/40 MP: 0/0
  2638 | D:3      | Learned a level 2 spell: Poisonous Vapours
  2842 | D:3      | Reached skill level 1 in Spellcasting
  3644 | D:4      | Noticed a phantom
  3667 | D:4      | Killed a phantom
  3668 | D:4      | Reached XP level 6. HP: 11/47 MP: 0/0
  4313 | D:4      | Found Nowosul's Armour Boutique.
  4322 | D:4      | Bought a +0 pair of gloves for 49 gold pieces
  4421 | D:4      | Found a stormy altar of Qazlal.
  4423 | D:4      | Found a shadowy altar of Dithmenos.
  4423 | D:4      | Found a shimmering altar of Xom.
  4423 | D:4      | Found a stormy altar of Qazlal.
  4550 | D:4      | Found a sparkling altar of Nemelex Xobeh.
  4678 | D:4      | Reached XP level 7. HP: 33/52 MP: 0/0
  4678 | D:4      | Learned a level 3 spell: Vampiric Draining
  5000 | D:5      | Found Xej Buxt's Armour Shop.
  5014 | D:5      | HP: 2/52 [white imp/puff of frost (15)]
  5328 | D:5      | Bought a +0 helmet for 67 gold pieces
  5374 | D:5      | Found Soproukh's Jewellery Boutique.
  5410 | D:5      | Found Tiheh's Distillery.
  5411 | D:5      | Noticed Eustachio
  5436 | D:5      | HP: 2/53 [iron imp[Eustachio] (7)]
  5440 | D:5      | Slain by Eustachio

Illustrated notes

Levels and vault maps discovered:
D:1:      dpeg_arrival_snail, layout_basic, skrybe_limestone_x
D:2:      layout_basic, nicolae_sif_muna_little_library,
          nzn_hepliaklqana_mist_gate, minmay_misc_feat_cross
D:3:      layout_loops_ring
D:4:      layout_basic, doesnt_xom_only_xom, nicolae_overflow_crystal_walls,
          serial_shops, shop_statue
D:5:      layout_loops_ring, nicolae_uskayaw_dance_hall, general_overflow_altar,
          serial_shops, shop, kennysheep_little_box, shop, nicolae_shop_stone,
          nicolae_shop_crystal, grunt_dithmenos_smoke, uniq_eustachio

Skill      XL: |  1  2  3  4  5  6  7 |
---------------+----------------------+-----
Long Blades    | 2 3 |  3.3
Stealth        | 5 |  5.5
Spellcasting   | 1 2 |  2.1
Dodging        | 3 |  3.8
Fighting       | 4 |  4.4
Armour         | |  0.4

Action                   |  1- 3 |  4- 6 |  7- 9 || total
-------------------------+-------+-------+-------++-------
Melee: Falchion          |    47 |   155 |    29 ||   231
 Cast: Foxfire           |     5 |    40 |    10 ||    55
       Poisonous Vapours |       |    16 |     9 ||    25
  Use: Scroll            |     2 |     3 |     9 ||    14
       Potion            |     1 |       |     1 ||     2
 Stab: Sleeping          |     1 |     7 |       ||     8
Armor: Skin              |    16 |       |       ||    16
       Leather armour    |     3 |    32 |       ||    35
       Robe              |       |     7 |    11 ||    18
Dodge: Dodged            |    26 |   123 |    44 ||   193
       Rpst.: Falchion   |    13 |    35 |    16 ||    64

Table legend: (Time is in decaauts)
 A = Elapsed time spent in this place.
 B = Non-inter-level travel time spent in this place.
 C = Inter-level travel time spent in this place.
 D = Time resting spent in this place.
 E = Time spent auto-exploring this place.
 F = Levels seen in this place.
 G = Mean time per level.
                   A        B        C        D        E       F      G
               +--------+--------+--------+--------+--------+-----+--------+
         Total |   5482 |   5381 |    101 |    568 |   3932 |   5 | 1096.4 |
       Dungeon |   5482 |   5381 |    101 |    568 |   3932 |   5 | 1096.4 |
               +--------+--------+--------+--------+--------+-----+--------+

Top non-repeatable levels by time:
     D:4: 2144 daAuts
     D:1: 1278 daAuts
     D:3: 1269 daAuts
     D:2: 576 daAuts
     D:5: 214 daAuts
